 Dungeon Crawl Stone Soup version 0.30-a0-159-g068b764562 (webtiles) character file.

Game seed: 482602360163043899

236 night the Chiller (level 5, -1/45 HPs)
             Began as a Troll Ice Elementalist on Sept 27, 2022.
             Slain by Pikel
             ... wielding a +1 whip of flaming
              (4 damage)
             ... on level 4 of the Dungeon.
             The game lasted 00:05:41 (2716 turns).

night the Chiller (Troll Ice Elementalist)          Turns: 2716, Time: 00:05:41

Health: -1/45      AC: 10    Str: 16    XL:     5   Next: 77%
Magic:  1/7        EV:  9    Int: 13    God:
Gold:   212        SH:  0    Dex: 10    Spells: 1/8 levels left

rFire   . . .      SeeInvis .      - Unarmed
rCold   . . .      Faith    .    (no shield)
rNeg    . . .      Spirit   .    a - +0 robe
rPois   .          Reflect  .    (helmet restricted)
rElec   .          Harm     .    m - +0 cloak
rCorr   .          Rampage  .    (gloves unavailable)
Will    .....                    (boots unavailable)
Stlth   +.........               (no amulet)
HPRegen 0.95/turn                k - +4 ring of slaying
MPRegen 0.10/turn                (no ring)

@: ice-armoured
A: large, unfitting armour, claws 3, regeneration 1, shaggy fur 1, tough skin 1
a: no special abilities


You were on level 4 of the Dungeon.
You visited 1 branch of the dungeon, and saw 4 of its levels.

You collected 212 gold pieces.

Inventory:

Hand Weapons
 l - the +1 hand axe "Ciasiq" {venom, Int+4}
   (You found it on level 2 of the Dungeon)

   It poisons the flesh of those it strikes.
   Int:       It affects your intelligence (+4).
Missiles
 e - 12 stones
 f - 7 poisoned darts
 g - 5 curare-tipped darts
 h - 2 javelins
Armour
 a - a +0 robe (worn)
 m - a +0 cloak (worn)
Jewellery
 k - a +4 ring of slaying (left claw)
Wands
 s - a wand of polymorph (3)
Scrolls
 i - a scroll of teleportation
 j - a scroll of vulnerability {unknown}
 p - 2 scrolls of enchant weapon
 q - a scroll of identify
Potions
 b - 2 potions of magic
 c - a potion of degeneration {unknown}
 d - a potion of resistance {unknown}
 n - a potion of brilliance {unknown}
 o - 3 potions of mutation {unknown}
 r - a potion of curing {unknown}
 t - a potion of flight {unknown}


   Skills:
 - Level 1.5 Dodging
 - Level 1.0 Stealth
 + Level 3.0 Unarmed Combat
 + Level 2.3 Spellcasting
 + Level 3.9 Ice Magic


You had one spell level left.
You knew the following spells:

 Your Spells              Type           Power      Damage    Failure   Level
a - Freeze                Ice            44%        1d6       4%          1
b - Frozen Ramparts       Ice            22%        1d4       14%         3
c - Ozocubu's Armour      Ice            11%        N/A       14%         3

Your spell library contained the following spells:

 Spells                   Type           Power      Damage    Failure   Level
 Foxfire                  Conj/Fire      4%         2x1d4     24%         1
 Sting                    Tmut/Pois      4%         1d3       24%         1
 Poisonous Vapours        Pois/Air       2%         N/A       36%         2
 Ice Form                 Ice/Tmut       6%         N/A       71%         4
 Summon Ice Beast         Ice/Summ       6%         N/A       71%         4
 Olgreb's Toxic Radiance  Pois           1%         N/A       94%         4
 Metabolic Englaciation   Hex/Ice        3%         N/A       96%         5
 Fireball                 Conj/Fire      0%         3d3       100%        5
 Yara's Violent Unravell  Hex/Tmut       0%         3d3       100%        5
 Simulacrum               Ice/Necr       3%         N/A       100%        6
 Starburst                Conj/Fire      0%         6d3       100%        6
 Enfeeble                 Hex            0%         N/A       100%        7


Dungeon Overview and Level Annotations

Branches:
Dungeon (4/15)
 Temple: D:4-7

Altars:
Ru

Annotations:
D:4 Pikel


Innate Abilities, Weirdness & Mutations

You are too large for most types of armour.
You have claws for hands.
Your natural rate of healing is unusually fast.
You are covered in fur. (AC +1)
You have tough skin. (AC +1)


Message History

You scratch the lemure.
The lemure is moderately wounded.
The frozen ramparts melt away.
The lemure completely misses you.
Pikel scowls and wipes his hands on his robe.
You barely miss Pikel.
Pikel is lightly wounded.
The lemure hits you but does no damage.
You barely miss Pikel.
Pikel is lightly wounded.
The lemure hits you but does no damage.
Pikel hits you with a +1 whip of flaming.
Pikel burns you. The heat melts your icy armour.
You claw Pikel!
Pikel is moderately wounded.
You closely miss the lemure.
The lemure is severely wounded.
Pikel hits you with a +1 whip of flaming.
Pikel burns you. The lemure hits you. The heat melts your icy armour.
You closely miss Pikel.
Pikel is moderately wounded.
The lemure hits you but does no damage.
Pikel hits you with a +1 whip of flaming.
Pikel burns you. The heat melts your icy armour.
You scratch Pikel.
Pikel is moderately wounded.
The lemure hits you but does no damage.
Pikel hits you with a +1 whip of flaming!
Pikel burns you. The heat melts your icy armour.
You barely miss Pikel.
Pikel is moderately wounded.
The lemure hits you.
* * * LOW HITPOINT WARNING * * *
Pikel hits you with a +1 whip of flaming!
* * * LOW HITPOINT WARNING * * *
Pikel burns you.
You die...

..............#.......# #.#
#.#
......................###.#
#.#
........................#.#
#.#
........................#.#
#.###
...........................
#....
########................#
#####
..................).....#
.......#......#####.....#
...5...+.....55K@.......#
...K...#+###..5#5.......#
.55.......##...#...........
.###.#....##...#...........
.....#.)..##...............
.....#....####.............
.....#....# #.............
............ .........).
..........#.


You could see Pikel (strong) and 4 lemures.

Vanquished Creatures
  An orc priest (D:3)
  A hound (D:4)
  Robin (D:2)
  7 adders
  3 dart slugs
  9 orcs (D:3)
  3 endoplasms
  6 giant cockroaches
  14 goblins
  10 hobgoblins
  4 jackals (D:2)
  3 quokkas
  5 ball pythons
  5 bats
  2 frilled lizards
  5 kobolds
  8 rats
87 creatures vanquished.

Notes
Turn   | Place    | Note
-------+----------+-------------------------------------------
     0 | D:1      | night the Troll Ice Elementalist began the quest for the
                  | Orb.
     0 | D:1      | Reached XP level 1. HP: 16/16 MP: 1/1
   129 | D:1      | Reached XP level 2. HP: 24/24 MP: 3/3
   172 | D:1      | Reached skill level 1 in Unarmed Combat
   488 | D:2      | Reached XP level 3. HP: 31/31 MP: 4/4
   492 | D:2      | Learned a level 3 spell: Frozen Ramparts
   703 | D:2      | Noticed Robin
   721 | D:2      | Killed Robin
   730 | D:2      | Reached XP level 4. HP: 29/39 MP: 3/5
   771 | D:2      | Reached skill level 2 in Unarmed Combat
   901 | D:2      | Identified the +1 hand axe "Ciasiq" {venom, Int+4}
  1442 | D:2      | Reached skill level 2 in Spellcasting
  1842 | D:3      | Learned a level 3 spell: Ozocubu's Armour
  1964 | D:3      | Reached XP level 5. HP: 23/45 MP: 7/7
  2396 | D:3      | Found a sacrificial altar of Ru.
  2681 | D:4      | Noticed a lemure
  2681 | D:4      | Noticed a lemure
  2681 | D:4      | Noticed Pikel
  2681 | D:4      | Noticed a lemure
  2682 | D:4      | Noticed a lemure
  2716 | D:4      | HP: 3/45 [Pikel/+1 whip of flaming (9)]
  2716 | D:4      | Slain by Pikel

Illustrated notes

Levels and vault maps discovered:
D:1:      grunt_arrival_lava_bath, layout_rooms
D:2:      minmay_alternating_diamond, layout_basic, uniq_robin
D:3:      layout_basic, nicolae_ru_awakened_eye
D:4:      layout_basic, serial_shops, nicolae_shop_statue_plus,
          nicolae_elemental_shop, minmay_close_crescents, uniq_pikel

Skill      XL: |  1  2  3  4  5 |
---------------+----------------+-----
Ice Magic      | 3 |  3.9
Unarmed Combat | 1 2 3 |  3.0
Spellcasting   | 2 |  2.3
Dodging        | |  1.5
Stealth        | |  1.0

Action                   |  1- 3 |  4- 6 || total
-------------------------+-------+-------++-------
Melee: Unarmed           |    93 |   108 ||   201
 Cast: Frozen Ramparts   |     2 |    13 ||    15
       Freeze            |       |     7 ||     7
       Ozocubu's Armour  |       |     2 ||     2
  Use: Scroll            |       |     2 ||     2
 Stab: Sleeping          |     2 |     1 ||     3
Armor: Robe              |    40 |    45 ||    85
Dodge: Dodged            |    59 |    62 ||   121

Table legend: (Time is in decaauts)
 A = Elapsed time spent in this place.
 B = Non-inter-level travel time spent in this place.
 C = Inter-level travel time spent in this place.
 D = Time resting spent in this place.
 E = Time spent auto-exploring this place.
 F = Levels seen in this place.
 G = Mean time per level.
                   A        B        C        D        E       F      G
               +--------+--------+--------+--------+--------+-----+--------+
         Total |   2707 |   2583 |    124 |     86 |   1859 |   4 |  676.8 |
       Dungeon |   2707 |   2583 |    124 |     86 |   1859 |   4 |  676.8 |
               +--------+--------+--------+--------+--------+-----+--------+

Top non-repeatable levels by time:
     D:2: 1172 daAuts
     D:3: 826 daAuts
     D:1: 445 daAuts
     D:4: 263 daAuts
